 Dungeon Crawl Stone Soup version 0.26-a0-540-g8a0c9464d7 (webtiles) character file.

Game seed: 2539809688849837051

30 Lanoc the Firebug (level 3, -2/25 HPs)
             Began as a Gnoll Fire Elementalist on Aug 22, 2020.
             Slain by a river rat (6 damage)
             ... on level 3 of the Dungeon.
             The game lasted 00:01:25 (639 turns).

Lanoc the Firebug (Gnoll Fire Elementalist)          Turns: 639, Time: 00:01:26

Health: -2/25      AC:  3    Str: 10    XL:     3   Next: 20%
Magic:  7/9        EV: 14    Int: 18    God:
Gold:   22         SH:  0    Dex: 15    Spells: 11/12 levels left

rFire    . . .     SeeInvis .   (no weapon)
rCold    . . .     Faith    .   (no shield)
rNeg     . . .     Spirit   .   a - +1 robe
rPois    .         Reflect  .   (no helmet)
rElec    .         Harm     .   (no cloak)
rCorr    .                      (no gloves)
MR       .....                  (no boots)
Stlth    +++.......             (no amulet)
HPRegen  0.08/turn              (no ring)
MPRegen  0.11/turn              (no ring)

@: no status effects
A: distributed training, fangs 1, strong nose
a: no special abilities


You were on level 3 of the Dungeon.
You visited 1 branch of the dungeon, and saw 3 of its levels.

You collected 22 gold pieces.

Inventory:

Armour
 a - a +1 robe (worn)
Scrolls
 b - a scroll of enchant armour


   Skills:
 + Level 0.6 Fighting
 + Level 0.6 Short Blades
 + Level 0.6 Long Blades
 + Level 0.6 Axes
 + Level 0.6 Maces & Flails
 + Level 0.6 Polearms
 + Level 0.6 Staves
 + Level 0.6 Slings
 + Level 0.6 Bows
 + Level 0.6 Crossbows
 + Level 0.6 Throwing
 + Level 0.6 Armour
 + Level 4.5 Dodging
 + Level 4.1 Stealth
 + Level 0.6 Shields
 + Level 0.6 Unarmed Combat
 + Level 5.0 Spellcasting
 + Level 2.1 Conjurations
 + Level 0.4 Hexes
 + Level 0.4 Summonings
 + Level 0.4 Necromancy
 + Level 0.4 Translocations
 + Level 0.4 Transmutations
 + Level 5.4 Fire Magic
 + Level 0.4 Ice Magic
 + Level 0.4 Air Magic
 + Level 0.4 Earth Magic
 + Level 0.4 Poison Magic
 + Level 0.8 Invocations
 + Level 0.6 Evocations


You had 11 spell levels left.
You knew the following spells:

 Your Spells              Type           Power        Failure   Level
a - Foxfire               Conj/Fire      ###.         2%          1

Your spell library contained the following spells:

 Spells                   Type           Power        Failure   Level
 Conjure Flame            Conj/Fire      ###.....     9%          3
 Inner Flame              Hex/Fire       ###.....     12%         3
 Sticky Flame             Conj/Fire      ###.....     28%         4
 Fireball                 Conj/Fire      ###.......   61%         5


Dungeon Overview and Level Annotations

Branches:
Dungeon (3/15)

Altars:


Innate Abilities, Weirdness & Mutations

Your experience applies equally to all skills.
You have very sharp teeth.
Your uncanny sense of smell can sniff out nearby items.


Message History

The foxfire hits the river rat but does no damage.
The river rat is lightly wounded.
You barely miss the river rat.
The river rat is lightly wounded.
The foxfire hits the river rat but does no damage.
The river rat is lightly wounded.
The river rat closely misses you.
Casting: Foxfire (safe; 2% risk of failure)
Confirm with . or Enter, or press ? or * to list all spells.
You conjure some foxfire!
The river rat bites you.
* * * LOW HITPOINT WARNING * * *
You hit the river rat but do no damage.
You bite the river rat, but do no damage.
The river rat is lightly wounded.
The foxfire hits the river rat.
The river rat is heavily wounded.
The river rat barely misses you.
You aren't carrying any potions.
The river rat bites you.
You die...

∆ ########.##
#....†....#
#.#########
#.# #.# ∆ #.#
##########.#
##≈.≈≈≈≈.≈#.#
#.########r@#
#≈# ##.# #≈#
### #≈# #†#
#≈#
#≈#######≈
##≈≈≈.≈≈≈#
#########


You could see a river rat.

Vanquished Creatures
  An adder (D:2)
  2 worms
  A leopard gecko (D:3)
  2 giant cockroaches
  3 goblins
  2 kobolds
  A quokka (D:2)
  A bat (D:3)
  A frilled lizard (D:1)
14 creatures vanquished.

Vanquished Creatures (others)
  39 foxfires
39 creatures vanquished.

Grand Total: 53 creatures vanquished

Notes
Turn   | Place    | Note
-------+----------+-------------------------------------------
     0 | D:1      | Lanoc the Gnoll Fire Elementalist began the quest for the
                  | Orb.
     0 | D:1      | Reached XP level 1. HP: 13/13 MP: 6/6
   293 | D:2      | Reached XP level 2. HP: 19/19 MP: 3/7
   571 | D:3      | Reached XP level 3. HP: 25/25 MP: 7/9
   588 | D:3      | Reached skill level 5 in Spellcasting
   639 | D:3      | Slain by a river rat

Illustrated notes

Levels and vault maps discovered:
D:1:      scummos_arrival_checkerplants, layout_loops_ring,
          chequers_serial_rivers_micro_c
D:2:      layout_loops_ring, chequers_ecumenical_altar_simple
D:3:      layout_basic, gup_sewer_entry_spiral, nrook_mini_vaults

Skill      XL: |  1  2  3 |
---------------+----------+-----
Conjurations   | 2 |  2.1
Spellcasting   | 5 |  5.0
Fighting       | |  0.6
Short Blades   | |  0.6
Long Blades    | |  0.6
Axes           | |  0.6
Maces & Flails | |  0.6
Polearms       | |  0.6
Staves         | |  0.6
Slings         | |  0.6
Bows           | |  0.6
Crossbows      | |  0.6
Throwing       | |  0.6
Armour         | |  0.6
Dodging        | |  4.5
Stealth        | |  4.1
Shields        | |  0.6
Unarmed Combat | |  0.6
Hexes          | |  0.4
Summonings     | |  0.4
Necromancy     | |  0.4
Translocations | |  0.4
Transmutations | |  0.4
Fire Magic     | |  5.4
Ice Magic      | |  0.4
Air Magic      | |  0.4
Earth Magic    | |  0.4
Poison Magic   | |  0.4
Invocations    | |  0.8
Evocations     | |  0.6

Action                   || total
-------------------------++-------
Melee: Unarmed           ||    22
       Bite              ||     2
 Cast: Foxfire           ||    27
  Use: Scroll            ||     1
 Stab: Sleeping          ||     2
Armor: Robe              ||     2
Dodge: Dodged            ||    19

Table legend: (Time is in decaauts)
 A = Elapsed time spent in this place.
 B = Non-inter-level travel time spent in this place.
 C = Inter-level travel time spent in this place.
 D = Time resting spent in this place.
 E = Time spent auto-exploring this place.
 F = Levels seen in this place.
 G = Mean time per level.
                   A        B        C        D        E       F      G
               +--------+--------+--------+--------+--------+-----+--------+
         Total |    653 |    641 |     12 |      0 |    452 |   3 |  217.7 |
       Dungeon |    653 |    641 |     12 |      0 |    452 |   3 |  217.7 |
               +--------+--------+--------+--------+--------+-----+--------+

Top non-repeatable levels by time:
     D:2: 281 daAuts
     D:1: 265 daAuts
     D:3: 106 daAuts
